[Event "*** Titled Tuesday Blitz"]
[Site "Chess.com"]
[Date "2021.03.02"]
[Round "3"]
[White "swisspower96"]
[Black "Sanan_Sjugirov"]
[Result "0-1"]
[WhiteElo "2681"]
[BlackElo "2933"]
[TimeControl "180+1"]
[EndTime "10:29:58 PST"]
[Termination "Sanan_Sjugirov won by resignation"]

1. d4 Nf6 2. c4 e6 3. Nf3 d5 4. g3 Bb4+ 5. Bd2 Be7 6. Bg2 O-O 7.
O-O c6 8. Qb3 a5 9. Rc1 h6 10.
a3 Nbd7 11. e3 Nb6 12. c5 Nc4 13. Rxc4 dxc4 14. Qxc4 Nd7 15. Nc3 b6 16. cxb6 Qxb6 17. Na4 Qb5 18. Qc2 Ba6 19. Nc3 Qb7 20. Ne1 Rfc8 21. Nd3 Rab8 22. Na4 Qb5 23. Ndc5 Nxc5 24. Nxc5 Bxc5 25. Qxc5 Qxc5 26. dxc5 a4 27. Bc3 Bb5 28. Rd1 Rd8 29. Rd4 e5 30. Rd6 f6 31. Ba5 Rf8 32. Bh3 Bc4 33. Bc3 Bd5 34. Bg4 Rfd8 35. Bd7 Kf7 36. f3 Ke7 37. Bxc6 Rxd6 38. cxd6+ Kxd6 39.
Bxa4 Ke6 40. Kf2 e4 41. f4 Bc4 42. Bd1 Kd5 43. g4 Bd3 44. Be2 Kc4 45. Ke1 Bxe2 46. Kxe2 Rd8 47. g5 hxg5 48. fxg5 fxg5 49. Bxg7 Rd7 50.
Be5 Re7 51. Bc3 Rh7 52. Be5 Kd5 53. Bg3 Rb7 54. b4 Ra7 55. b5 Rxa3 56. b6 Rb3 57.
Bc7 Rb2+ 58. Kf1 Kc4 59. Kg1 Kd3 60. Bd8 g4 61. Bg5 Rxb6 62. Kg2 Rb2+ 63. Kg3 Re2 64. Bf4 Rxe3+ 65. Kxg4 Re1 66. h4 e3 67. Bxe3 Kxe3 68. h5 Ke4 69. Kg5 Ke5 70. h6 Rg1+ 71. Kh5 Kf5 0-1

[Event "*** Titled Tuesday Blitz"]
[Site "Chess.com"]
[Date "2021.03.02"]
[Round "3"]
[White "UmarovSabir"]
[Black "pfalcon1949"]
[Result "1-0"]
[WhiteElo "2316"]
[BlackElo "2020"]
[TimeControl "180+1"]
[EndTime "10:29:58 PST"]
[Termination "UmarovSabir won by checkmate"]

1. e4 c5 2. Nf3 Nc6 3. Bb5 g6 4. O-O Bg7 5. d3 e5 6. Bxc6 dxc6 7. Be3 b6 8. Nbd2 Ne7 9. Nc4 Qc7 10. h3 f5 11.
exf5 Bxf5 12. a4 O-O 13. Ng5 Nd5 14. Re1 Rad8 15. Qc1 Nxe3 16. Qxe3 e4 17. dxe4 Bd4 18. Qb3 Kh8 19. exf5 Rxf5 20. Ne6 Bxf2+ 21. Kh1 Qd7 22. Nxd8 Bxe1 23. Rxe1 Qxd8 24. Ne5 Qd2 25. Nd3 Rd5 26. Qc3+ Qxc3 27. bxc3 Kg7 28. Re7+ Kh6 29. Rxa7 c4 30.
Nb4 Rd2 31. Ra6 c5 32. Nc6 Rxc2 33. Rxb6 Rxc3 34. a5 Rc1+ 35. Kh2 c3 36. Rb5 c2 37. Rxc5 Ra1 38. Rxc2 Ra4 39. Kg3 Kg5 40. Kf2 h5 41.
Rd2 h4 42. Rd5+ Kh6 43. Nd4 g5 44. Nf3 Kg6 45. Rxg5+ Kf6 46. Rb5 Kg6 47. Rb6+ Kh5 48. a6 Ra2+ 49. Ke3 Ra1 50. Rb5+ Kh6 51. Rb6+ Kh5 52.
Kf4 Ra4+ 53. Kf5 Ra5+ 54. Ke6 Ra2 55. Rb5+ Kh6 56. Rb6 Rxg2 57. a7 Kh5 58. Ne5 Re2 59. a8=Q Ra2 60. Qxa2 Kg5 61. Qd2+ Kh5 62. Qe2+ Kh6 63.
Qe3+ Kh5 64. Qf3+ Kh6 65. Qf4+ Kh5 66. Qg4+ Kh6 67. Qg6# 1-0

[Event "*** Titled Tuesday Blitz"]
[Site "Chess.com"]
[Date "2021.03.02"]
[Round "3"]
[White "GadimbayliA"]
[Black "Ekose"]
[Result "1-0"]
[WhiteElo "2820"]
[BlackElo "2534"]
[TimeControl "180+1"]
[EndTime "10:29:59 PST"]
[Termination "GadimbayliA won by checkmate"]

1. e4 e5 2. Nf3 Nc6 3. Nc3 Nf6 4. d4 exd4 5. Nxd4 Bb4 6. Nxc6 bxc6 7. Bd3 d5 8. exd5 Qe7+ 9. Qe2 Qxe2+ 10. Kxe2 cxd5 11. Be3 c6 12. Na4 Be6 13. f3 Nd7 14. Rac1 O-O 15. Kf2 Be7 16. Rhd1 c5 17. c3 Rab8 18. b3 Rfc8 19. Bf4 Ra8 20. Ba6 Rf8 21. Bb7 Rad8 22. Bxd5 Bxd5 23. Rxd5 Nb6 24. Nxb6 axb6 25. Rcd1 Rxd5 26.
Rxd5 Bf6 27. c4 Ra8 28. a4 Bd8 29. Rd7 Kf8 30. Rb7 Ke8 31. Ke3 Rc8 32. Ke4 Rc6 33.
Kd5 Re6 34. Be5 g5 35. g4 h5 36. h3 hxg4 37. hxg4 Rh6 38. Bc7 Bxc7 39. Rxc7 Rh3 40.
Ke4 Rh6 41. Kf5 Rd6 42. Rb7 f6 43. Kg6 Kd8 44. Rf7 Rd3 45. Rxf6 Rxb3 46. Kxg5 Rb4 47.
Kh6 Rxc4 48. g5 Ke7 49. Rxb6 Rxa4 50. g6 Rh4+ 51. Kg7 Rf4 52. Kh7 Rh4+ 53. Kg8 Rf4 54. Rb7+ Ke8 55. Rf7 Rh4 56. g7 c4 57. Rc7 Rh5 58. Rc6 Rh4 59. Rc5 Ke7 60. Re5+ Kf6 61. Rc5 Ke7 62. Rc8 Rh5 63. Rxc4 Rh3 64. Re4+ Kf6 65.
Kf8 Rxf3 66. g8=Q Kf5 67. Qg4+ Kf6 68. Re6# 1-0

[Event "*** Titled Tuesday Blitz"]
[Site "Chess.com"]
[Date "2021.03.02"]
[Round "3"]
[White "frankshar"]
[Black "Aradhya2000"]
[Result "1-0"]
[WhiteElo "2340"]
[BlackElo "2515"]
[TimeControl "180+1"]
[EndTime "10:29:59 PST"]
[Termination "frankshar won by resignation"]

1. d4 d5 2. c4 c6 3. Nc3 Nf6 4. e3 Bf5 5. cxd5 cxd5 6. Qb3 Nc6 7. Qxb7 Bd7 8. Qb3 Rb8 9. Qd1 e5 10. dxe5 Nxe5 11. Nge2 Bc5 12. Nd4 O-O 13. Be2 Ne4 14. O-O Nxc3 15. bxc3 Bb6 16. Rb1 Qf6 17. Ba3 Rfc8 18.
Qd2 Nc4 19. Bxc4 Rxc4 20. Ne2 Bf5 21. Rb4 Rd8 22. Rxc4 dxc4 23. Nd4 Bd3 24. Re1 h5 25. Bb2 h4 26. h3 Bc7 27. Ba3 g5 28. Qb2 Qe5 29.
Nf3 Qd5 30. Qb4 Bd6 31. Qa4 Bxa3 32. Qxa3 Be4 33. Qe7 Bxf3 34. gxf3 Rd7 35. Qf6 Rd6 36. Qe7 Re6 37. Qxa7 Qxf3 38. Qd4 Qxh3 39. Rb1 Re8 40.
Rb5 Qf3 41. Rxg5+ Kf8 42. Qc5+ Re7 43. Qc8+ Re8 44. Qc5+ Re7 45. Rg8+ Kxg8 46. Qxe7 Qg4+ 47. Kf1 Qd1+ 48. Kg2 Qg4+ 49. Kh2 h3 50. Qb7 Kh7 51. Qd5 Kg6 52. Qc6+ f6 53. Qd5 Qh4 54. Qf3 Qg5 55. Qg3 Kf5 56. Qxg5+ fxg5 57. Kxh3 Ke4 58. a4 Kd3 59. a5 Kxc3 60. a6 Kd2 61. a7 c3 62.
a8=Q c2 63. Qc6 c1=Q 64. Qxc1+ Kxc1 65. e4 Kd2 66. e5 Ke2 67. Kg4 Kxf2 68. e6 Ke3 69. e7 Kd4 70. e8=Q Kd5 71. Kxg5 1-0

[Event "*** Titled Tuesday Blitz"]
[Site "Chess.com"]
[Date "2021.03.02"]
[Round "3"]
[White "DFeco"]
[Black "karinachess1"]
[Result "0-1"]
[WhiteElo "2262"]
[BlackElo "2514"]
[TimeControl "180+1"]
[EndTime "10:30:00 PST"]
[Termination "karinachess1 won by resignation"]

1. c4 Nf6 2. g3 g6 3. Bg2 Bg7 4. Nc3 O-O 5. e4 d6 6. Nge2 e5 7. O-O Be6 8. d3 Qd7 9. Bg5 h6 10. Bxf6 Bxf6 11. f4 exf4 12. gxf4 Bh3 13. Nd5 Bd8 14.
Bxh3 Qxh3 15. Ng3 c6 16. Ne3 Nd7 17. Rf3 Qe6 18. f5 Qe7 19. Ng4 Qg5 20. h3 h5 21.
fxg6 fxg6 22. Nh2 Rxf3 23. Qxf3 Bb6+ 24. Kh1 Ne5 25. Qg2 Nxd3 26. Nf3 Qc5 27. Kh2 Nf4 28. Qd2 Qf2+ 29. Qxf2 Bxf2 30. Rf1 Bxg3+ 31. Kxg3 Rf8 32. Kh2 Ne6 33. b3 Nd4 34. Nd2 Rxf1 35. Nxf1 Kg7 36. Kg3 Kf6 37. Kf2 Ke5 38. Ke3 Nc2+ 39. Kd3 Nb4+ 40.
Ke3 Nxa2 41. Nd2 Nb4 42. Nf3+ Kf6 43. Nd4 a5 44. Nf3 Na6 45. Kd4 Nc5 46. Nd2 Ne6+ 47. Ke3 g5 48. Nf3 g4 49. hxg4 hxg4 50. Nh2 Kg5 51.
Nf1 Nc5 52. Ng3 Kh4 53. Nf5+ Kh3 54. Nxd6 g3 55. Nf7 g2 56. Ng5+ Kg3 57. Nf3 Nxb3 58.
e5 Nc5 59. Ng1 Ne6 60. Ne2+ Kh2 61. Ke4 a4 62. Kf5 Nd4+ 63. Ke4 Nxe2 64. e6 g1=Q 65.
e7 Qg8 66. Ke3 Qe8 67. Kxe2 Qxe7+ 68. Kd2 Qb4+ 69. Kd3 a3 70. Kd4 a2 71. Ke5 Qxc4 0-1

[Event "*** Titled Tuesday Blitz"]
[Site "Chess.com"]
[Date "2021.03.02"]
[Round "3"]
[White "lelya96"]
[Black "GasconJR"]
[Result "1/2-1/2"]
[WhiteElo "2267"]
[BlackElo "2457"]
[TimeControl "180+1"]
[EndTime "10:30:00 PST"]
[Termination "Game drawn by repetition"]

1. d4 d5 2. Nf3 Nf6 3. Bg5 Ne4 4.
Bf4 c5 5. e3 Nc6 6. c3 e6 7.
Bd3 Be7 8. O-O O-O 9. Nbd2 f5 10. h3 c4 11. Bxe4 fxe4 12. Ne5 Nxe5 13. Bxe5 Bf6 14. Bh2 Be7 15. Qe2 Bd6 16. Bxd6 Qxd6 17. f3 exf3 18. Rxf3 Bd7 19. Raf1 e5 20. Rxf8+ Rxf8 21. Rxf8+ Kxf8 22. Qh5 exd4 23. exd4 h6 24. Nf3 Be8 25. Qf5+ Kg8 26. Ne5 b5 27. Qc8 Qe7 28. a3 Kh7 29. Qf5+ Kg8 30. Qc8 a5 31. Qc5 Qe6 32. Qa7 Qf5 33. Qb8 Kf8 34. Qd6+ Kg8 35. Qxd5+ Kh7 36. Qf3 Qb1+ 37. Kh2 Qxb2 38. Qf5+ Kg8 39. Qe6+ Kf8 40. Qd6+ Kg8 41. Qe7 Bh5 42. Qe6+ Kh7 43. Qf5+ g6 44. Qf7+ Kh8 45. Nxg6+ Bxg6 46. Qxg6 Qxc3 47. Qxh6+ Kg8 48. Qg6+ Kh8 49. Qf6+ Kg8 50. Qd8+ Kg7 51. Qd7+ Kg8 52. Qe6+ Kh8 53. d5 Qd4 54. d6 Qf4+ 55. Kg1 Qc1+ 56.
Kf2 Qd2+ 57. Kg3 Qd3+ 58. Kh2 c3 59. d7 c2 60. Qe8+ Kg7 61. Qe7+ Kg6 62. Qe6+ Kg7 63. Qe7+ Kg6 64. Qe8+ Kg7 65. d8=Q Qxd8 66. Qxd8 c1=Q 67. Qd7+ Kg6 68. Qxb5 Qf4+ 69. Kg1 Qe3+ 70. Kf1 Qc1+ 71. Kf2 Qxa3 72. Qc6+ Kg7 73. Qd7+ Kg6 74. Qc6+ Kg7 75.
Qd7+ Kg6 76. Qc6+ 1/2-1/2

[Event "*** Titled Tuesday Blitz"]
[Site "Chess.com"]
[Date "2021.03.02"]
[Round "3"]
[White "MarcoRiehle"]
[Black "FontVella8"]
[Result "0-1"]
[WhiteElo "2676"]
[BlackElo "2504"]
[TimeControl "180+1"]
[EndTime "10:30:01 PST"]
[Termination "FontVella8 won by resignation"]

1. e4 e6 2. c4 c5 3. Nf3 Nc6 4.
Be2 g6 5. d4 cxd4 6. Nxd4 a6 7.
O-O Bg7 8. Be3 Nge7 9. Nc3 O-O 10. Re1 d5 11. exd5 exd5 12. Nxc6 bxc6 13. cxd5 cxd5 14.
Bd4 Be6 15. Bf3 Rc8 16. Bxg7 Kxg7 17. Qa4 Qb6 18. Qa3 Rc7 19. Rad1 Rd8 20. Na4 Qd6 21. b4 d4 22. Nc5 Nf5 23. Qxa6 Qxa6 24. Nxa6 Rc2 25. a4 d3 26. Be4 Rc3 27. Nc5 Bb3 28. Nxb3 Rxb3 29. b5 d2 30. Rf1 Nd4 31. Rxd2 Nf3+ 32.
gxf3 Rxd2 33. Ra1 Rbb2 34. a5 Rxf2 35. f4 Rxf4 36. Bc6 Rg4+ 37. Kh1 Rh4 38. b6 Rhxh2+ 39. Kg1 Rhc2 40. a6 Rxc6 41. a7 Rc8 42. a8=Q Rxa8 43. Rxa8 Rxb6 44. Kf2 h5 45. Kg3 f5 46. Ra3 Kf6 47.
Kh4 Rb4+ 48. Kg3 Kg5 49. Kh3 h4 50. Re3 Kh5 51. Re8 Rb3+ 52. Kg2 Kg4 53. Re2 g5 54. Kh2 f4 55. Rf2 h3 56. Ra2 Rg3 57. Ra4 Kh4 58. Rb4 Rg2+ 59. Kh1 Rd2 60. Rc4 Kg3 61. Rc3+ f3 62. Rc1 g4 63. Rg1+ Kf4 64. Ra1 g3 65. Ra4+ Ke3 66. Ra3+ Ke2 67. Ra1 Rd1+ 68. Rxd1 Kxd1 69. Kg1 Ke2 70. Kh1 g2+ 71. Kh2 Kf2 72. Kxh3 g1=Q 73. Kh4 Ke3 0-1

[Event "*** Titled Tuesday Blitz"]
[Site "Chess.com"]
[Date "2021.03.02"]
[Round "3"]
[White "nrvisakh"]
[Black "johnathan113"]
[Result "0-1"]
[WhiteElo "2788"]
[BlackElo "2619"]
[TimeControl "180+1"]
[EndTime "10:30:02 PST"]
[Termination "johnathan113 won on time"]

1. d4 Nf6 2. Bf4 g6 3. Nc3 Bg7 4. Qd2 O-O 5. Bh6 Bxh6 6. Qxh6 c5 7. d5 b5 8. Nxb5 Qb6 9. e4 a6 10. e5 Nxd5 11. Qd2 axb5 12. Qxd5 Bb7 13. Qd2 Nc6 14.
Nf3 Nb4 15. Be2 Be4 16. Bd1 Rxa2 17. Rxa2 Nxa2 18. O-O Qb7 19. c3 b4 20. Re1 Rb8 21. h4 Kg7 22. Ng5 Bf5 23. c4 b3 24.
h5 h6 25. Nxf7 Kxf7 26. Qxh6 Rg8 27. Bf3 Qb4 28. Rd1 Ke8 29. Qh7 Be6 30. Bd5 Qb6 31. hxg6 Bxd5 32. cxd5 Qxg6 33. Qh3 Qg7 34. Re1 Nb4 35.
d6 e6 36. Qf3 Nc6 37. g3 Nxe5 38. Qa8+ Kf7 39. Qe4 Nc6 40. Qf4+ Qf6 41. Qe4 Rg7 42. Kg2 Nd4 43. Rh1 Qf5 44. Qe3 Qd5+ 45. Kg1 Nf3+ 46. Kf1 Ng5 47. Rh4 e5 48. Ra4 Qxd6 49. Rg4 Ne6 50.
Rxg7+ Nxg7 51. Kg2 Qf6 52. Qxb3+ Qe6 53. Qc2 d6 54. b4 Ne8 55. bxc5 Qd5+ 56. Kg1 Qxc5 57. Qf5+ Nf6 58. Qg5 Qd5 59. Qf5 Qe4 60. Qc8 d5 61. Qc7+ Kg6 62. Qb6 d4 63. Qb4 d3 64. Qd2 Qe2 0-1

[Event "*** Titled Tuesday Blitz"]
[Site "Chess.com"]
[Date "2021.03.02"]
[Round "3"]
[White "VitaRasik"]
[Black "tk22h"]
[Result "1-0"]
[WhiteElo "2543"]
[BlackElo "2348"]
[TimeControl "180+1"]
[EndTime "10:30:02 PST"]
[Termination "VitaRasik won on time"]

1. e4 e5 2. Nf3 Nc6 3. Bb5 a6 4. Ba4 Nf6 5. d4 exd4 6. O-O Be7 7. Re1 b5 8. e5 Nd5 9. Bb3 Nb6 10. Nxd4 Nxd4 11. Qxd4 O-O 12. c3 d6 13. exd6 Bxd6 14. Bf4 Bxf4 15. Qxf4 Bb7 16. Nd2 Nd5 17. Qd4 Nf6 18.
Qxd8 Raxd8 19. Nf1 Rfe8 20. a4 Bd5 21. Bc2 Be4 22. Bxe4 Rxe4 23. axb5 Rxe1 24. Rxe1 axb5 25. Re7 Rd7 26. Re5 c6 27. g3 g6 28. Kg2 Kf8 29.
h4 h5 30. Kf3 Rd1 31. Ne3 Rd2 32. b4 Nd7 33. Re4 Nf6 34. Rf4 Ke7 35. c4 Rb2 36. cxb5 cxb5 37. Rd4 Rb3 38. Ke2 Ke6 39. Ng2 Ke5 40.
Rf4 Rb2+ 41. Kf3 Ng4 42. Re4+ Kd5 43. Nf4+ Kd6 44. Rd4+ Kc6 45. Nd3 Rb3 46. Kf4 f6 47. f3 Nh6 48. Nc5 Nf5 49. Re4 Rc3 50. Re6+ Kd5 51.
Rxf6 Rc4+ 52. Kg5 Nxg3 53. Rxg6 Rxb4 54. Nd7 Ne2 55. Nb6+ Kc5 56. Nd7+ Kd5 57. Nf6+ Ke5 58. Nxh5 Nd4 59. f4+ Ke4 60. f5 Nxf5 61. Re6+ Kd5 62.
Kxf5 Rxh4 63. Nf6+ Kc5 64. Ne4+ Kc4 65. Rc6+ Kd5 66.
Rc5+ Kd4 67. Rxb5 Rh5+ 68. Ng5 Kc4 69. Rb8 Kd5 70. Rd8+ Kc4 71. Kf4 Rh4+ 72. Ke3 Rh5 73. Nf3 Rh3 74. Ke4 1-0

[Event "*** Titled Tuesday Blitz"]
[Site "Chess.com"]
[Date "2021.03.02"]
[Round "3"]
[White "Iskusnyh"]
[Black "ParvizGasimov"]
[Result "1-0"]
[WhiteElo "2603"]
[BlackElo "2408"]
[TimeControl "180+1"]
[EndTime "10:30:05 PST"]
[Termination "Iskusnyh won on time"]

1. d4 Nf6 2. c4 g6 3. g3 c6 4. Bg2 d5 5. e3 Bg7 6. Ne2 O-O 7. O-O Bf5 8. Nbc3 Qd7 9. cxd5 cxd5 10.
Nf4 e6 11. h3 h5 12. b3 Rc8 13. Bb2 Nc6 14. Rc1 Bf8 15. Nd3 b6 16. Ne5 Qe8 17. g4 hxg4 18. hxg4 Nxe5 19. gxf5 Neg4 20. fxg6 fxg6 21.
Bf3 Nh6 22. Kg2 Bd6 23. Rh1 Kg7 24. e4 dxe4 25. Nxe4 Nxe4 26. Bxe4 Rab8 27. d5+ e5 28. Qf3 Qf7 29. Qh3 Rh8 30. Qe6 Nf5 31. Qxf7+ Kxf7 32. Rc6 Ke7 33. f4 Rxh1 34. Kxh1 Ng3+ 35. Kg2 Nxe4 36.
fxe5 Bc5 37. Rxg6 Rf8 38. d6+ Kd7 39. Rg7+ Kc6 40. Rc7+ Kd5 41. d7 Be7 42. Kh3 Rf3+ 43. Kg4 Rg3+ 44. Kf5 Rg5+ 45. Kf4 Rg2 46. d8=Q+ Bxd8 47.
Rd7+ Ke6 48. Rxd8 Rxb2 49. Kxe4 Rxa2 50. Rd6+ Ke7 51. Rh6 Ra3 52. Rh7+ Ke8 53. Rh6 Rxb3 54. Kd5 Rd3+ 55. Ke6 Kd8 56. Rh7 a5 57. Rb7 a4 58. Rxb6 Kc7 59. Ra6 a3 60. Kf7 Re3 61. e6 Kb7 62. Ra4 Kb6 63. e7 Kb5 64. Rxa3 Rxa3 65.
e8=Q+ 1-0

[Event "*** Titled Tuesday Blitz"]
[Site "Chess.com"]
[Date "2021.03.02"]
[Round "3"]
[White "DenLaz"]
[Black "GianmarcoVaR"]
[Result "0-1"]
[WhiteElo "2825"]
[BlackElo "2630"]
[TimeControl "180+1"]
[EndTime "10:30:07 PST"]
[Termination "GianmarcoVaR won by resignation"]

1. d4 Nf6 2. c4 e6 3. Nf3 d5 4. Nc3 a6 5. cxd5 exd5 6. Bg5 Be6 7.
e3 Nbd7 8. Bd3 Be7 9. h3 O-O 10.
Qc2 h6 11. Bf4 Rc8 12. O-O c5 13. dxc5 Nxc5 14. Nd4 Nfe4 15. Nxe6 fxe6 16. Nxe4 Nxe4 17. Qe2 Nc5 18. Bc2 Bd6 19. b4 Bxf4 20. exf4 Ne4 21.
Bxe4 dxe4 22. Qxe4 Qd5 23. Qxd5 exd5 24. g3 Rc4 25. a3 Rd8 26. Rfd1 Kf7 27. Ra2 Rc3 28. Kf1 d4 29. Ke2 Ke6 30. Kd2 Kd5 31. Rc1 Rxc1 32. Kxc1 d3 33. b5 Re8 34. bxa6 bxa6 35. Kd1 Rb8 36. Kc1 Kd4 37. Rb2 Re8 38. Kd1 Kc3 39. Rb7 Re2 40. Rc7+ Kb3 41. Rxg7 Rxf2 42. Rg6 a5 43.
Rxh6 a4 44. Rd6 Rf3 45. h4 Rxg3 46. Kd2 Kxa3 47. h5 Kb3 48. h6 Rg2+ 49. Kxd3 Rh2 50.
Rb6+ Ka2 51. Ke4 a3 52. Kf5 Ka1 53. Kg6 a2 54. Ra6 Rg2+ 55. Kh7 Kb1 56. Rxa2 Rxa2 57. f5 Rg2 58. f6 Kc2 59. f7 Rf2 60. Kg7 Rg2+ 61.
Kf8 Rh2 62. Kg8 Rg2+ 63. Kh7 Rf2 64. Kg6 Rg2+ 65. Kf6 Rf2+ 66. Ke6 Re2+ 67. Kd6 Rd2+ 68. Kc7 Rf2 69. h7 Rxf7+ 70. Kd6 Rxh7 71. Ke6 Rh4 72. Kf6 Ra4 73. Kf5 Kd3 74. Kg5 Ra5+ 75. Kg6 Ke4 0-1

[Event "*** Titled Tuesday Blitz"]
[Site "Chess.com"]
[Date "2021.03.02"]
[Round "3"]
[White "Kaua18"]
[Black "ChessWarrior3"]
[Result "1-0"]
[WhiteElo "2344"]
[BlackElo "2098"]
[TimeControl "180+1"]
[EndTime "10:30:09 PST"]
[Termination "Kaua18 won on time"]

1. e4 c5 2. Nf3 d6 3. d4 cxd4 4.
Nxd4 Nf6 5. Nc3 a6 6. Bd3 e5 7.
Nde2 Nc6 8. O-O Be6 9. Ng3 Qb6 10. Bg5 Be7 11. Qd2 O-O 12. h3 h6 13. Bxf6 Bxf6 14. Be2 Qxb2 15. Rab1 Qa3 16. Rb3 Qc5 17. Rxb7 Nd4 18.
Bg4 Bxg4 19. hxg4 Bh4 20. Kh2 Bg5 21. Qd3 Bf4 22. Nd5 Qxc2 23. Qxc2 Nxc2 24. Nxf4 exf4 25. Nf5 Rad8 26. Rd1 g6 27. Nxh6+ Kg7 28. g5 Na3 29. Rc1 d5 30. e5 Rde8 31. Rcc7 Rxe5 32. Nxf7 Rxf7 33.
Rxf7+ Kg8 34. Rg7+ Kh8 35. Rh7+ Kg8 36. Rbg7+ Kf8 37.
Rxg6 d4 38. Rf6+ Kg8 39. Rd7 Nb5 40. Rd8+ Kg7 41. Rfd6 Rxg5 42. R6d7+ Kf6 43. Rxd4 Nxd4 44. Rxd4 Ra5 45. Rxf4+ Ke5 46. Rg4 Rxa2 47. f3 a5 48.
Rg8 Kf6 49. Ra8 a4 50. Ra5 a3 51.
Kg3 Ra1 52. Kg4 a2 53. g3 Ke6 54. f4 Kd6 55. f5 Kc6 56. Ra3 Kd6 57. Kg5 Ke5 58.
Re3+ Kd4 59. Ra3 Ke5 60. Ra5+ Kd6 61. g4 Ke7 62. f6+ Kf7 63. Ra7+ Ke6 64. Ra6+ Kf7 65. Ra7+ Ke6 66. Re7+ Kd6 67. Re2 1-0

[Event "*** Titled Tuesday Blitz"]
[Site "Chess.com"]
[Date "2021.03.02"]
[Round "3"]
[White "Angry_Twin"]
[Black "FLamps8"]
[Result "0-1"]
[WhiteElo "2890"]
[BlackElo "2668"]
[TimeControl "180+1"]
[EndTime "10:30:13 PST"]
[Termination "FLamps8 won by resignation"]

1. e4 e5 2. Nf3 Nf6 3. Nxe5 d6 4. Nf3 Nxe4 5. Nc3 Nxc3 6. dxc3 Be7 7. Be3 Nc6 8. Qd2 O-O 9. O-O-O Ne5 10. Kb1 c6 11. h4 Qa5 12. Bd3 Be6 13. a3 Nxd3 14. Qxd3 Qd5 15. Qxd5 Bxd5 16. Rh3 Rfd8 17. h5 h6 18. Rg3 Kh7 19. Nd4 Bf6 20. Nf5 Be6 21. Nd4 Bd5 22. Bf4 Be5 23. Ne2 Bc4 24. Re1 Bxe2 25.
Bxe5 dxe5 26. Rxe2 f6 27. Rg4 Rd1+ 28. Ka2 Rad8 29.
Kb3 R1d2 30. Rge4 Rxe2 31. Rxe2 Kg8 32. c4 Kf7 33. Kc3 Ke6 34. Re3 Rd4 35. Rg3 Kf7 36. c5 Rf4 37. Rd3 Ke7 38. f3 Rf5 39. g4 Rf4 40.
Re3 Ke6 41. b4 f5 42. gxf5+ Rxf5 43. Rd3 Rxh5 44. Rd6+ Ke7 45. Kd3 Rf5 46. Ke3 Rf6 47. Rd1 h5 48. Rg1 g6 49. Rg5 Ke6 50.
Ke4 Rf4+ 51. Ke3 Kf6 52. Rg1 h4 53. Rd1 h3 54. Rh1 Rh4 55. Kf2 Kf5 56. Kg3 g5 57.
Rh2 Rh7 58. c3 e4 59. c4 exf3 60. Kxf3 g4+ 61. Kg3 Kg5 62. b5 Rh6 63. a4 a6 64.
Re2 h2 65. Rxh2 Rxh2 66. Kxh2 Kf4 67. Kg2 Ke4 68. Kg3 Kd4 69. Kxg4 Kxc4 70. bxc6 bxc6 71. Kf4 Kxc5 72. Ke4 Kb4 73. Kd4 c5+ 74. Kd3 Kb3 75.
Kd2 Kxa4 76. Kc3 Kb5 0-1

[Event "*** Titled Tuesday Blitz"]
[Site "Chess.com"]
[Date "2021.03.02"]
[Round "3"]
[White "SlavenPastar"]
[Black "Kale36"]
[Result "1/2-1/2"]
[WhiteElo "2582"]
[BlackElo "2290"]
[TimeControl "180+1"]
[EndTime "10:30:15 PST"]
[Termination "Game drawn by repetition"]

1. d4 Nc6 2. Nf3 d6 3. g3 Bg4 4.
Bg2 e5 5. d5 Nce7 6. O-O Nf6 7.
c4 g6 8. Nc3 Bg7 9. Bg5 O-O 10.
Qd2 Qd7 11. Bh6 Bh3 12. Bxg7 Kxg7 13. Qg5 Bxg2 14. Kxg2 h6 15. Qd2 Nh7 16. b4 Qg4 17.
c5 Ng5 18. Nxg5 hxg5 19. h3 Qxb4 20. cxd6 Qxd6 21. Qxg5 f6 22. Qg4 f5 23. Qc4 a6 24.
a4 Rad8 25. Rfd1 Rd7 26. a5 Rfd8 27. Rab1 c6 28. Rb6 Qf6 29. dxc6 Rxd1 30. cxb7 R1d6 31. b8=Q Rxb8 32. Rxb8 Rc6 33. Qb4 Qd6 34. Qxd6 Rxd6 35. Rb6 Nc8 36. Rb7+ Kf6 37. Rc7 Ne7 38. Ra7 Ke6 39.
Na4 Nd5 40. Rxa6 Rxa6 41. Nc5+ Kd6 42. Nxa6 e4 43. f3 Ne3+ 44. Kf2 Nd1+ 45. Ke1 Nb2 46. h4 Nc4 47. fxe4 fxe4 48. g4 Nxa5 49. h5 gxh5 50. gxh5 Ke5 51. Nc5 e3 52. Kf1 Nc6 53. Kg2 Nd4 54. Kf1 Kf5 55. Nd3 Kg5 56. Ne5 Kxh5 57.
Nf3 Nxf3 58. exf3 Kg5 59. Ke1 Kf5 60. Kd1 Ke5 61. Ke1 Kf5 62. Kf1 Ke5 63. Ke2 Kf4 64. Ke1 Kxf3 65. Kf1 Ke4 66. Ke2 Kd4 67. Ke1 Ke5 68. Ke2 Kf4 69. Ke1 Kf3 70. Kf1 Ke4 71. Ke2 Kd4 72. Ke1 Kd3 73. Kd1 Kd4 74. Ke2 Ke4 75.
Ke1 Kf5 76. Ke2 Kf4 77. Ke1 Ke4 78. Ke2 1/2-1/2

[Event "*** Titled Tuesday Blitz"]
[Site "Chess.com"]
[Date "2021.03.02"]
[Round "3"]
[White "szachuspl"]
[Black "seorobert1971"]
[Result "0-1"]
[WhiteElo "2480"]
[BlackElo "2647"]
[TimeControl "180+1"]
[EndTime "10:30:19 PST"]
[Termination "seorobert1971 won on time"]

1. d4 Nf6 2. c4 e6 3. Nf3 d5 4. Nc3 Bb4 5. Bg5 h6 6. Bxf6 Qxf6 7. e3 c6 8. Qb3 Bd6 9. Bd3 O-O 10. O-O Qe7 11. e4 dxc4 12. Bxc4 Nd7 13. e5 Bc7 14.
Rfe1 Rd8 15. a4 a5 16. Rad1 Rb8 17. Qc2 Nf8 18. Ne4 Bd7 19. Ba2 Be8 20. Bb1 b5 21. Nc5 Bb6 22. b3 Bxc5 23. dxc5 Rd5 24. Rxd5 cxd5 25.
axb5 Bxb5 26. Nd4 Be8 27. f4 Qc7 28. Rc1 Bc6 29. h3 Rb4 30. Qd2 Be8 31. Kh1 g6 32. c6 Rb8 33. Rc5 Ra8 34. Kg1 Qb6 35.
Qc3 Rc8 36. Kh2 Rc7 37. Bd3 Kg7 38. Bb5 Rc8 39. Ba4 g5 40. fxg5 hxg5 41. Qc1 Ng6 42. Nf3 Qb4 43. Rc2 g4 44. hxg4 Qxg4 45. Qe3 Nf4 46. Qf2 Ng6 47. Qg3 Qf5 48. Rc1 Qh5+ 49. Kg1 Qh6 50. Rc5 Qe3+ 51. Qf2 Qf4 52. Qe1 Qg4 53.
Rc1 Qe4 54. Qxe4 dxe4 55. Nd4 Nxe5 56. Rc5 Nd3 57. Rxa5 e3 58. Kf1 e5 59. Nf5+ Kh7 60. Nd6 Rxc6 61. Bxc6 Bxc6 62. Ra2 f6 63. Nf5 Nf4 64. Nxe3 Kg6 65. b4 Bb5+ 66. Kf2 Nd3+ 67. Kg3 f5 68. Kh2 f4 69. Ng4 Kf5 70. Nh6+ Kg6 71.
Ng8 e4 72. Ra5 e3 0-1

[Event "*** Titled Tuesday Blitz"]
[Site "Chess.com"]
[Date "2021.03.02"]
[Round "3"]
[White "Gloomy_Wanderer"]
[Black "Azerichess"]
[Result "1/2-1/2"]
[WhiteElo "2709"]
[BlackElo "2961"]
[TimeControl "180+1"]
[EndTime "10:30:20 PST"]
[Termination "Game drawn by stalemate"]

1. d4 d5 2. c4 c5 3. cxd5 Qxd5 4. Nf3 cxd4 5. Nc3 Qa5 6. Nxd4 Nf6 7. Nb3 Qc7 8. Bg5 e6 9. Rc1 Nc6 10. g3 Be7 11. Bg2 O-O 12. O-O Rd8 13. Qc2 h6 14. Bxf6 Bxf6 15. Ne4 Be7 16. Rfd1 Rxd1+ 17. Qxd1 Bd7 18.
Nec5 Be8 19. Nxb7 Qxb7 20. Na5 Qxb2 21. Bxc6 Rd8 22. Qc2 Qa3 23. Nc4 Qa6 24. Bxe8 Rxe8 25. Ne5 Bf6 26. Qc6 Qxc6 27. Nxc6 a6 28. Rb1 Kf8 29.
Rb6 Ra8 30. e4 Ke8 31. e5 Bd8 32. Nxd8 Kxd8 33. Rb7 Ke8 34. a4 Rc8 35. Ra7 Rc5 36. Ra8+ Ke7 37. Ra7+ Ke8 38. Ra8+ Kd7 39. Ra7+ Kc6 40.
Rxa6+ Kd5 41. Ra7 Kxe5 42. Rxf7 g5 43. Rh7 Ra5 44. Rxh6 Rxa4 45. Kg2 Kf5 46. Rh8 Kf6 47. Rf8+ Kg7 48. Re8 Kf6 49. Rb8 Ra2 50. h3 Ra3 51. Rf8+ Kg7 52. Rf3 Ra4 53. Re3 Kf6 54. Kf3 Rb4 55.
Re4 Rb2 56. Re2 Rb3+ 57. Kg4 Rb4+ 58. Kf3 Rb3+ 59. Kg2 Ra3 60. Re4 Ra2 61. h4 gxh4 62. Rxh4 e5 63. Rb4 Ra3 64. g4 Kg5 65. Re4 Kh4 66. Rb4 Rc3 67. Re4 Ra3 68. Rxe5 Kxg4 69. Re3 Rxe3 70. fxe3 Kf5 71. Kf3 Ke5 72. e4 Ke6 73. Kf4 Kf6 74. e5+ Ke6 75. Ke4 Ke7 76. Kd5 Kd7 77. e6+ Ke7 78. Ke5 Ke8 79. Kd6 Kd8 80. e7+ Ke8 81. Ke6 1/2-1/2

[Event "*** Titled Tuesday Blitz"]
[Site "Chess.com"]
[Date "2021.03.02"]
[Round "3"]
[White "Chesspirate_Channel"]
[Black "enriquetejedor"]
[Result "0-1"]
[WhiteElo "2325"]
[BlackElo "2541"]
[TimeControl "180+1"]
[EndTime "10:30:20 PST"]
[Termination "enriquetejedor won on time"]

1. d4 Nf6 2. Nc3 d5 3. Bg5 Nbd7 4. f3 c6 5. e4 dxe4 6. Qd2 exf3 7. Nxf3 e6 8. Bd3 Be7 9. O-O-O a5 10. Ne5 Nxe5 11. dxe5 Nd7 12. Bf4 Nc5 13. Qe2 Qb6 14. Ne4 Nxe4 15.
Bxe4 a4 16. a3 Bd7 17. Qg4 g6 18. Bg5 Qc5 19. Rd3 Qxe5 20. Bxe7 Kxe7 21. Rhd1 Rad8 22. Qh4+ g5 23. Qe1 f5 24. Bxf5 Qxe1 25. Rxe1 Rhf8 26.
Bxh7 Bc8 27. Be4 Rxd3 28. cxd3 Rh8 29. Re2 Rxh2 30. Kd2 Rh1 31. Kc3 Rh6 32. Rc2 Rh8 33. Rf2 Rd8 34. Bg6 Kd6 35. Rf7 b5 36. Be4 e5 37. Rg7 g4 38. Rg6+ Be6 39. Bf5 Re8 40.
Bxe6 Rxe6 41. Rxg4 Rf6 42. Rg5 c5 43. g4 Kd5 44.
Rg8 Rf1 45. Rd8+ Kc6 46. Re8 Rc1+ 47. Kd2 Rg1 48. Rxe5 Rxg4 49. Re6+ Kd5 50. Re8 b4 51. Rd8+ Kc6 52. Rc8+ Kb6 53. Rb8+ Kc7 54. Rb5 Rg2+ 55. Ke3 Rxb2 56. Rxc5+ Kb6 57. axb4 Rxb4 58. Rc1 a3 59. Ra1 Kb5 60. Kd2 Ka4 61. Kc2 Rb2+ 62. Kc3 Rb8 63.
d4 Rc8+ 64. Kd3 Kb3 65. d5 Kb2 66. Rf1 a2 67. Rf2+ Kb3 68. Rf1 Kb2 69. Rf2+ Ka3 70. Rf1 Rb8 71. Kd4 Rb1 72. Rf3+ Kb4 73. d6 a1=Q+ 74.
Kd5 Qa8+ 0-1